 Seeded DCSS version 0.30-a0-920-g7493c07aab (webtiles) character file.

Game seed: 3125986916090331667 (custom seed)

8883 Parcival the Cleaver (level 11, -22/99 HPs)
             Began as a Minotaur Fighter on Mar 21, 2023.
             Was a Priest of Yredelemnul.
             Annihilated by an orc warlord
             ... wielding a +4 bardiche of venom
              (59 damage)
             ... on level 1 of the Orcish Mines.
             The game lasted 00:16:55 (7429 turns).

Parcival the Cleaver (Minotaur Fighter)             Turns: 7429, Time: 00:16:57

Health: -22/99     AC: 22    Str: 40    XL:     11   Next: 15%
Magic:  0/10       EV: 10    Int:  5    God:    Yredelemnul [***...]
Gold:   550        SH:  5    Dex: 10    Spells: 10/10 levels left

rFire   + . .      SeeInvis .    e - +8 broad axe (venom)
rCold   . . .      Faith    .    c - +0 buckler
rNeg    . . .      Spirit   +    u - +1 chain mail of Supple Strength {Harm Str+3}
rPois   .          Reflect  .    (helmet restricted)
rElec   .          Rampage  .    q - +1 cloak
rCorr   .          Harm     + .  o - +2 pair of gloves {Str+3}
Will    .....                    (no boots) Stlth
                                 t - amulet of guardian spirit
HPRegen 0.36/turn                g - +6 ring of strength
MPRegen 0.12/turn                s - ring "Alenkif" {rF+ AC+4 Str+3}

@: mighty, marked
A: horns 2, retaliatory headbutt
a: Renounce Religion, Recall Undead Harvest, Dark Bargain


You were on level 1 of the Orcish Mines.
You worshipped Yredelemnul.
Yredelemnul was noncommittal.
You visited 3 branches of the dungeon, and saw 11 of its levels.

You collected 550 gold pieces.

Inventory:

Hand Weapons
 a - a +0 war axe
 e - a +8 broad axe of venom (weapon)
 A - a +0 hammer
 C - a +4 quarterstaff of chaos
Armour
 b - a +0 scale mail
 c - a +0 buckler (worn)
 o - a +2 pair of gloves of strength (worn)
 q - a +1 cloak (worn)
 u - the +1 chain mail of Supple Strength (worn) {Harm Str+3}
   (You found it on level 3 of the Dungeon)

   Str:       It affects your strength (+3).
   Harm:      It increases damage dealt and taken.
Jewellery
 f - an amulet of magic regeneration
 g - a +6 ring of strength (left hand)
 s - the ring "Alenkif" (right hand) {rF+ AC+4 Str+3}
   (You acquired it on level 4 of the Dungeon)

   [ring of protection]

   AC:        It affects your AC (+4).
   Str:       It affects your strength (+3).
   rF:        It protects you from fire.
 t - an amulet of guardian spirit (around neck)
 v - a ring of wizardry
 w - an amulet of reflection
 D - a ring of magical power
 F - a +6 ring of dexterity
Wands
 k - a wand of flame (20)
Scrolls
 j - 5 scrolls of teleportation
 x - a scroll of poison
Potions
 d - a potion of might
 h - 2 potions of heal wounds
 i - 3 potions of degeneration
 l - 2 potions of cancellation
 m - a potion of resistance
 n - a potion of lignification
 p - a potion of brilliance
 r - a potion of curing
 z - a potion of ambrosia
 B - 2 potions of attraction {unknown}
 E - 2 potions of haste {unknown}


   Skills:
 + Level 9.8 Fighting
 + Level 14.4 Axes
 + Level 9.8 Armour
 + Level 2.2 Dodging
 + Level 2.1 Stealth
 + Level 7.3 Shields
 + Level 0.4 Invocations


You had 10 spell levels left.
You didn't know any spells.
Your spell library contained the following spells:

 Spells                   Type           Power      Damage    Failure   Level
 Sandblast                Erth           0%         2d4       88%         1
 Summon Small Mammal      Summ           0%         N/A       88%         1
 Ensorcelled Hibernation  Hex/Ice        0%         N/A       96%         2
 Passwall                 Tmut/Erth      0%         N/A       96%         2
 Sublimation of Blood     Necr           0%         N/A       96%         2
 Call Canine Familiar     Summ           0%         N/A       99%         3
 Inner Flame              Hex/Fire       0%         N/A       99%         3
 Portal Projectile        Hex/Tloc       0%         N/A       99%         3
 Stone Arrow              Conj/Erth      0%         3d7       99%         3
 Summon Guardian Golem    Hex/Summ       0%         N/A       99%         3
 Swiftness                Air            0%         N/A       99%         3
 Flame Wave               Conj/Fire      0%         2d4       100%        4
 Leda's Liquefaction      Hex/Erth       0%         N/A       100%        4
 Petrify                  Tmut/Erth      0%         N/A       100%        4
 Sticky Flame             Conj/Fire      0%         2d3       100%        4
 Irradiate                Conj/Tmut      0%         3d11      100%        5


Dungeon Overview and Level Annotations

Branches:
Dungeon (9/15)             Temple (1/1) D:5             Orc (1/2) D:9
   Lair: D:8-11

Altars:
Ashenzari
Cheibriados
Dithmenos
Elyvilon
Fedhas
Gozag
Hepliaklqana
Kikubaaqudgha
Makhleb
Nemelex Xobeh
Okawaru
Qazlal
Ru
Sif Muna
Trog
Uskayaw
Vehumet
Wu Jian
Xom
Yredelemnul
Zin
The Shining One

Shops:
D:3 :   D:5 (**?   D:7 :


Innate Abilities, Weirdness & Mutations

You have a pair of horns on your head.
You reflexively headbutt those who attack you in melee.


Message History

* * * LOW HITPOINT WARNING * * *
The troll barely misses you. The troll claws you but does no damage.
The orc warrior closely misses you.
The deep elf archer shoots an arrow.
The arrow hits your orc sorcerer zombie!!
You feel much better.
Your wight hits the deep elf pyromancer with a +0 halberd!
You block the orc warrior's attack.
The deep elf pyromancer gestures at you while chanting.
The bolt of fire misses you. The troll bites you but does no damage.
The troll barely misses you. The troll closely misses you.
Your deep elf zephyrmancer zombie hits the deep elf pyromancer.
Your orc sorcerer zombie hits the deep elf archer but does no damage.
The deep elf archer unwields a +0 shortbow.
The deep elf archer wields a +0 short sword.
The deep elf archer hits your orc sorcerer zombie but does no damage.
You feel much better.
Your wight misses the deep elf pyromancer.
The orc warrior misses you.
The orc warlord unwields a +2 long sword.
The orc warlord wields a +0 arbalest.
The orc warlord shoots a bolt.
The bolt hits you!! The orc high priest closely misses you.
You furiously retaliate!
You headbutt the orc high priest!!
Your troll zombie barely misses the troll.
Your troll zombie closely misses the troll.
Your troll zombie claws the troll.
Your ogre zombie hits the orc high priest!
The deep elf pyromancer completely misses your orc wizard zombie.
The troll completely misses you. You block the troll's attack.
The troll claws you.
Your deep elf zephyrmancer zombie misses the deep elf pyromancer.
Your orc sorcerer zombie hits the deep elf archer.
The deep elf archer hits your orc sorcerer zombie with a +0 short sword!
Your wight hits the deep elf pyromancer with a +0 halberd!
The troll bites you. The troll closely misses you. The troll claws you!
You block the orc high priest's attack.
The deep elf pyromancer hits your orc wizard zombie with a +0 short sword!
The orc warlord hits you with a +4 bardiche of venom!!!
Ouch! That really hurt!
You die...
Your body rises from the dead as a mindless zombie.

....###..#.....#
.....#.........#
...............#
......$......#
###...........#
..............# #..
$.........eZZo)##o....
...............@oo4.[..
..............ZZTooo....
#.............zeZ.#..[..
.................## ....
#................# ##.
.................#
#................
#................
##.#.............


You could see 2 orc warlords, an orc high priest (strong), a deep elf archer
(repels missiles, ally target), an ice devil (summoned), a deep elf pyromancer
(ally target), a troll (ally target), an orc sorcerer (strong), 3 orc warriors,
a friendly wight (summoned), a friendly orc wizard zombie, a friendly orc
sorcerer zombie, a friendly ogre zombie, a friendly troll zombie and a friendly
deep elf zephyrmancer zombie.

Vanquished Creatures
  An ogre mage (D:8)
  A two-headed ogre (D:9)
  3 deep elf zephyrmancers (Orc:1)
  An orc sorcerer (Orc:1)
  4 trolls
  2 wraiths
  A wyvern (D:8)
  2 steam dragons (D:7)
  4 water moccasins
  5 orc warriors
  2 ice beasts
  3 ogres
  A sky beast (D:6)
  3 black bears
  4 centaurs
  3 kobold brigands
  3 bullfrogs
  2 gnoll sergeants (D:9)
  5 scorpions
  5 wights (D:8)
  5 killer bees (D:8)
  A howler monkey (D:9)
  A hound (D:6)
  4 jellies
  A gnoll bouda (Orc:1)
  5 orc priests
  Crazy Yiuf (D:7)
  A sleepcap (D:4)
  4 iguanas
  Natasha (thrice) (D:2)
  11 orc wizards
  9 gnolls
  6 adders
  A white imp (D:6)
  A worm (D:2)
  2 dart slugs
  30 orcs
  7 endoplasms
  2 giant cockroaches
  5 hobgoblins
  4 jackals (D:4)
  18 kobolds
  4 quokkas
  8 ball pythons
  4 bats
  2 frilled lizards
  9 goblins
  4 rats
208 creatures vanquished.

Vanquished Creatures (collateral kills)
  A scorpion (D:6)
  A jelly (D:6)
  An orc wizard (D:8)
  A gnoll (D:9)
  An adder (D:6)
  2 white imps (D:6)
  2 orcs
9 creatures vanquished.

Vanquished Creatures (others)
  A centaur zombie (D:8)
  A bullfrog zombie (D:8)
  A gnoll zombie (Orc:1)
  A jelly zombie (D:7)
  An orc (D:7)
  A kobold zombie (D:6)
  8 orc zombies
  A fungus (D:7)
15 creatures vanquished.

Grand Total: 232 creatures vanquished

Notes
Turn   | Place    | Note
-------+----------+-------------------------------------------
     0 | D:1      | Parcival the Minotaur Fighter began the quest for the Orb.
     0 | D:1      | Reached XP level 1. HP: 19/19 MP: 0/0
    32 | D:1      | Identified a scroll of acquirement
    32 | D:1      | Acquired a +5 broad axe of freezing
   171 | D:1      | Reached XP level 2. HP: 27/27 MP: 1/1
   515 | D:1      | Reached skill level 3 in Axes
   543 | D:1      | Reached XP level 3. HP: 33/33 MP: 2/2
  1160 | D:2      | Noticed Natasha
  1164 | D:2      | Killed Natasha
  1165 | D:2      | Reached skill level 4 in Axes
  1165 | D:2      | Reached XP level 4. HP: 41/41 MP: 3/3
  1382 | D:2      | Acquired a +2 pair of gloves of strength
  1427 | D:2      | Noticed Natasha
  1432 | D:2      | Killed Natasha
  1566 | D:2      | Noticed Natasha
  1571 | D:2      | Killed Natasha
  1572 | D:2      | Reached skill level 5 in Axes
  1661 | D:3      | Reached XP level 5. HP: 47/47 MP: 4/4
  1839 | D:3      | Found an iron altar of Okawaru.
  1861 | D:3      | Found Digoh's Book Boutique.
  1975 | D:3      | Identified the +1 chain mail of Supple Strength {Harm
                  | Str+3}
  2282 | D:4      | Noticed a centaur
  2289 | D:4      | Killed a centaur
  2290 | D:4      | Reached skill level 6 in Axes
  2290 | D:4      | Reached XP level 6. HP: 27/53 MP: 2/5
  2405 | D:4      | Acquired the ring "Alenkif" {rF+ AC+4 Str+3}
  2622 | D:4      | Found a hazy altar of Hepliaklqana.
  2727 | D:4      | Reached skill level 5 in Armour
  2778 | D:4      | Noticed a water moccasin
  2782 | D:4      | Killed a water moccasin
  2783 | D:4      | Reached skill level 5 in Fighting
  2783 | D:4      | Reached skill level 7 in Axes
  2783 | D:4      | Reached XP level 7. HP: 61/61 MP: 6/6
  2922 | D:5      | Entered Level 5 of the Dungeon
  2932 | D:5      | Reached skill level 1 in Dodging
  2955 | D:5      | Found Tuexan's Magic Scroll Boutique.
  2955 | D:5      | Found Keelodoj's General Store.
  2957 | D:5      | Found Istewn's Weapon Boutique.
  2959 | D:5      | Found Kuxiet's Assorted Antiques.
  2966 | D:5      | Reached skill level 8 in Axes
  2968 | D:5      | Reached skill level 1 in Stealth
  3046 | D:5      | Reached XP level 8. HP: 67/70 MP: 7/7
  3133 | D:5      | Found a staircase to the Ecumenical Temple.
  3137 | D:5      | Reached skill level 9 in Axes
  3341 | Temple   | Entered the Ecumenical Temple
  3605 | Temple   | Became a worshipper of Yredelemnul the Dark
  3704 | D:6      | Reached * piety under Yredelemnul
  3709 | D:6      | Reached skill level 10 in Axes
  3831 | D:6      | Reached ** piety under Yredelemnul
  3908 | D:6      | Reached XP level 9. HP: 79/79 MP: 8/8
  3981 | D:6      | Noticed a troll
  3986 | D:6      | Killed a troll
  3987 | D:6      | Reached skill level 11 in Axes
  3987 | D:6      | Reached skill level 5 in Shields
  3989 | D:6      | Reached *** piety under Yredelemnul
  4173 | D:6      | Found an ornate altar of the Wu Jian Council.
  4697 | D:7      | Found Jauttyss's Tremendous Tomes.
  4999 | D:7      | Found a runed translucent door.
  5000 | D:7      | Noticed Crazy Yiuf
  5229 | D:7      | Killed Crazy Yiuf
  5266 | D:7      | Reached **** piety under Yredelemnul
  5352 | D:8      | Found a transporter.
  5407 | D:8      | Noticed an ogre mage
  5412 | D:8      | Found a transporter.
  5419 | D:8      | Reached skill level 12 in Axes
  5618 | D:8      | Found a sparkling altar of Nemelex Xobeh.
  5868 | D:8      | Found a glowing golden altar of the Shining One.
  5903 | D:8      | Found a large runed translucent door.
  5903 | D:8      | Found a large runed translucent door.
  5967 | D:8      | Reached XP level 10. HP: 88/88 MP: 9/9
  6181 | D:8      | Found a shimmering altar of Xom.
  6190 | D:8      | Found a shadowy altar of Dithmenos.
  6367 | D:8      | Killed an ogre mage
  6368 | D:8      | Reached skill level 13 in Axes
  6605 | D:9      | Found a staircase to the Orcish Mines.
  6846 | D:9      | Noticed a two-headed ogre
  6852 | D:9      | Killed a two-headed ogre
  7358 | Orc:1    | Entered Level 1 of the Orcish Mines
  7414 | Orc:1    | Noticed a deep elf zephyrmancer
  7415 | Orc:1    | Noticed a deep elf zephyrmancer
  7415 | Orc:1    | Noticed a deep elf zephyrmancer
  7417 | Orc:1    | Noticed an orc sorcerer
  7417 | Orc:1    | Noticed a deep elf pyromancer
  7417 | Orc:1    | Noticed a deep elf archer
  7418 | Orc:1    | Identified the +0 chain mail of Teic {Rampage rN+ Int-5}
  7419 | Orc:1    | Noticed an orc warlord
  7419 | Orc:1    | Noticed an orc high priest
  7419 | Orc:1    | Noticed an orc warlord
  7419 | Orc:1    | Noticed an orc sorcerer
  7420 | Orc:1    | Killed a deep elf zephyrmancer
  7421 | Orc:1    | Reached skill level 14 in Axes
  7421 | Orc:1    | Killed a deep elf zephyrmancer
  7422 | Orc:1    | Killed a deep elf zephyrmancer
  7423 | Orc:1    | Reached XP level 11. HP: 53/99 MP: 5/10
  7424 | Orc:1    | Killed an orc sorcerer
  7429 | Orc:1    | Annihilated by an orc warlord

Illustrated notes

Levels and vault maps discovered:
D:1:      amcnicky_arrival_single_pillar, layout_loops_cross,
          hangedman_glass_garden
D:2:      layout_loops_ring, dk_vineyard_1, uniq_natasha
D:3:      layout_basic, mainiacjoe_overflow_catwalk, serial_forest,
          infiniplex_forest_zigzag_1, infiniplex_forest_split,
          infiniplex_forest_end_double, infiniplex_forest_lined_room_,
          infiniplex_forest_corner_1, infiniplex_forest_lined_room_2,
          serial_shops, nicolae_shop_hallway_stairs
D:4:      layout_basic, old_standard_altar
D:5:      layout_rooms, minmay_temple_entry_drinking_statues,
          minmay_shop_grid_forest
D:6:      layout_rooms, lemuel_tele_altar, minmay_microvault
D:7:      layout_basic, minmay_misc_feat_hallway, nicolae_shop_i_like_big_books,
          chequers_serial_rivers_large_a, uniq_crazy_yiuf_cottage
D:8:      gammafunk_beogh_shrine, layout_basic,
          mainiacjoe_overflow_six_doors_small, jmf_multi_god_temple2,
          kennysheep_little_box, serial_curves, eino_curves_01, eino_curves_02
D:9:      layout_roguey, orc_0_dummy
Temple:   hellmonk_temple_of_storms
Orc:1:    layout_caves, serial_shops, nicolae_square_shop, lemuel_statue_altar,
          elf_legates, uniq_jorgrun

Skill      XL: |  1  2  3  4  5  6  7  8  9 10 |
---------------+-------------------------------+-----
Fighting       | 4 5 7 8 9 |  9.8
Armour         | 4 5 6 8 9 |  9.8
Axes           | 3 4 5 6 7 8 10 12 14 | 14.4
Shields        | 4 6 7 |  7.3
Dodging        | 1 2 |  2.2
Stealth        | 1 2 |  2.1
Invocations    | |  0.4

Action                     |  1- 3 |  4- 6 |  7- 9 | 10-12 || total
---------------------------+-------+-------+-------+-------++-------
  Melee: Broad axe         |    53 |    60 |   146 |    46 ||   305
         War axe           |     6 |       |       |       ||     6
         Headbutt          |     6 |     5 |    10 |     4 ||    25
 Invoke: Dark Bargain      |       |       |       |     2 ||     2
    Use: Scroll            |     3 |     8 |     9 |     5 ||    25
         Potion            |       |       |       |     3 ||     3
   Stab: Distracted        |       |       |       |     1 ||     1
 Armour: Scale mail        |    22 |    15 |       |       ||    37
         Chain mail        |       |    27 |   104 |    51 ||   182
  Dodge: Dodged            |    18 |    28 |    78 |    34 ||   158
  Block: Buckler           |     6 |    15 |    41 |    28 ||    90

Table legend: (Time is in decaauts)
 A = Elapsed time spent in this place.
 B = Non-inter-level travel time spent in this place.
 C = Inter-level travel time spent in this place.
 D = Time resting spent in this place.
 E = Time spent auto-exploring this place.
 F = Levels seen in this place.
 G = Mean time per level.
                   A        B        C        D        E       F      G
               +--------+--------+--------+--------+--------+-----+--------+
         Total |   7504 |   6981 |    523 |    169 |   5303 |  11 |  682.2 |
       Dungeon |   7150 |   6734 |    416 |    169 |   5142 |   9 |  794.4 |
        Temple |    283 |    176 |    107 |      0 |    114 |   1 |  283.0 |
  Orcish Mines |     70 |     70 |      0 |      0 |     47 |   1 |   70.0 |
               +--------+--------+--------+--------+--------+-----+--------+

Top non-repeatable levels by time:
     D:8: 1183 daAuts
     D:7: 1044 daAuts
     D:2: 942 daAuts
     D:9: 865 daAuts
     D:3: 690 daAuts
     D:1: 674 daAuts
     D:4: 669 daAuts
     D:6: 609 daAuts
     D:5: 470 daAuts
  Temple: 283 daAuts
   Orc:1: 70 daAuts
